 Dungeon Crawl Stone Soup version 0.22-a0-388-g09e6169 (webtiles) character file.

434 Monsterracer the Chopper (level 7, -2/55 HPs)
             Began as a Formicid Berserker on Apr 29, 2018.
             Was a Believer of Trog.
             Slain by Grinder (7 damage)
             ... on level 3 of the Dungeon.
             The game lasted 00:08:29 (4444 turns).

Monsterracer the Chopper (Formicid Berserker)       Turns: 4444, Time: 00:08:29

Health: -2/55      AC:  8    Str: 21    XL:     7   Next: 20%
Magic:  7/7        EV: 10    Int:  9    God:    Trog [**....]
Gold:   124        SH:  0    Dex: 10    Spells: 6/6 levels left

rFire    + + .     SeeInvis +   a - +1 hand axe
rCold    . . .     Gourm    .   (no shield)
rNeg     . . .     Faith    .   l - -1 scale mail (curse)
rPois    .         Spirit   .   (helmet unavailable)
rElec    .         Reflect  .   b - +1 cloak
rCorr    .         Harm     .   (no gloves)
MR       ++...                  (no boots)
Stlth    ..........             (no amulet)
HPRegen  1.18/turn              j - ring of protection from fire {!d}
MPRegen  0.10/turn              p - ring of protection from fire {!d}

@: regenerating, drained
A: permanent stasis, dig shafts and tunnels, four strong arms, antennae 3
a: Dig, Shaft Self, Trog's Hand, Renounce Religion


You were on level 3 of the Dungeon.
You worshipped Trog.
Trog was pleased with you.
You were very hungry.

You visited 1 branch of the dungeon, and saw 3 of its levels.

You collected 124 gold pieces.

Inventory:

Hand Weapons
 a - a +1 hand axe (weapon)
Armour
 b - a +1 cloak (worn)
 k - a +0 chain mail
 l - a cursed -1 scale mail (worn)
Jewellery
 j - a ring of protection from fire (left hand) {!d}
 p - a ring of protection from fire (right hand) {!d}
Scrolls
 e - 2 scrolls of enchant weapon
Potions
 g - a potion of agility
 h - a potion of might
 m - 2 potions of heal wounds
 n - 2 potions of curing
 o - a potion of flight {unknown}
 r - a potion of lignification {unknown}
Comestibles
 c - a ration
 d - a chunk of flesh


   Skills:
 + Level 4.9 Fighting
 * Level 5.6 Axes
 + Level 4.2 Armour
 - Level 2.1 Dodging


You had 6 spell levels left.
You didn't know any spells.

Dungeon Overview and Level Annotations

Branches:
Dungeon (3/15)

Altars:

Annotations:
D:3 Grinder


Innate Abilities, Weirdness & Mutations

You cannot be hasted, slowed, berserked, paralysed or teleported.
You can dig through walls and to a lower floor.
Your four strong arms can wield two-handed weapons with a shield.
You have a pair of large antennae on your head. (SInv)


Message History

Grinder is heavily wounded.
Grinder misses you.
You hit Grinder but do no damage.
Grinder is heavily wounded.
Grinder blinks!
You regained 2 hp, and now have 17/55 hp.
The goblin hits you but does no damage.
Things that are here:
a short sword; a frilled lizard corpse You hit the goblin but do no damage.
Your skin stops crawling.
You feel less resistant to hostile enchantments.
The goblin hits you but does no damage.
You barely miss the goblin. The goblin closely misses you.
Your skin crawls.
You feel resistant to hostile enchantments.
You are feeling very hungry.
The goblin closely misses you.
You hit Grinder.
Grinder is heavily wounded.
You barely miss the goblin.
Grinder drinks a potion.
Grinder is healed!
The goblin hits you but does no damage.
You regained 2 hp, and now have 21/55 hp.
You hit Grinder.
Grinder is lightly wounded.
You hit the goblin. Grinder barely misses you. The goblin barely misses you.
You hit Grinder.
Grinder is lightly wounded.
You hit the goblin.
You kill the goblin!
Trog accepts your kill. Grinder barely misses you.
You hit Grinder.
Grinder is moderately wounded.
Grinder hits you.
* * * LOW HITPOINT WARNING * * *
You take 2 damage, and have 21/55 hp.
You slash Grinder!
Grinder is heavily wounded.
Grinder hits you!
* * * LOW HITPOINT WARNING * * *
You writhe in agony.
* * * LOW HITPOINT WARNING * * *
You take 11 damage, and have 10/55 hp.
You barely miss Grinder.
Grinder is heavily wounded.
Grinder hits you but does no damage.
You regained 2 hp, and now have 12/55 hp.
You barely miss Grinder.
Grinder is heavily wounded.
Grinder gestures at you. You resist with almost no effort.
You barely miss Grinder.
Grinder is heavily wounded.
Grinder hits you.
* * * LOW HITPOINT WARNING * * *
You writhe in agony.
* * * LOW HITPOINT WARNING * * *
You take 6 damage, and have 7/55 hp.
You closely miss Grinder.
Grinder is heavily wounded.
Grinder barely misses you.
You hit Grinder.
Grinder is heavily wounded.
Grinder grins, showing sharp teeth.
Grinder barely misses you.
An orc comes into view.
You barely miss Grinder.
Grinder is heavily wounded.
The orc shouts!
Grinder hits you.
* * * LOW HITPOINT WARNING * * *
You writhe in agony.
* * * LOW HITPOINT WARNING * * *
You take 2 damage, and have 7/55 hp.
You hit Grinder.
Grinder is severely wounded.
Grinder hits you but does no damage.
You hit Grinder but do no damage.
Grinder is severely wounded.
You hit the orc. The orc barely misses you.
Grinder hits you but does no damage.
You hit Grinder but do no damage.
Grinder is severely wounded.
You hit the orc. The orc hits you but does no damage.
Grinder barely misses you.
You hit Grinder but do no damage.
Grinder is severely wounded.
You hit the orc.
You kill the orc!
Trog accepts your kill. Grinder hits you.
* * * LOW HITPOINT WARNING * * *
You writhe in agony.
* * * LOW HITPOINT WARNING * * *
You take 6 damage, and have 4/55 hp.
You slash Grinder!
Grinder is almost dead.
Grinder hits you!
You die...

#.# #.#.##... #.#
#.#.##... ##.# #.#.##...
... #.#.##..# #..
#.#.##..# #.. #.#.##..#
#..##### #.#.##..# .
#......#####.#.##..#
....#.5@...#.....#.##...
...[..))...#.##.........
#.!..#.)...'............
...# #.....#.##.........
## #.....#............
###################


You could see Grinder.

Vanquished Creatures
  Sigmund (D:2)
  An orc priest (D:3)
  Crazy Yiuf (D:3)
  An orc wizard (D:3)
  Jessica (D:2)
  4 gnolls
  2 adders
  4 oozes
  2 worms
  3 leopard geckos
  12 orcs (D:3)
  5 bats
  4 giant cockroaches
  11 goblins
  5 hobgoblins
  8 jackals
  A ball python (D:2)
  6 frilled lizards
  10 kobolds
  7 rats
89 creatures vanquished.

Notes
Turn   | Place    | Note
-------+----------+-------------------------------------------
     0 | D:1      | Monsterracer the Formicid Berserker began the quest for the Orb.
     0 | D:1      | Reached XP level 1. HP: 18/18 MP: 1/1
   182 | D:1      | Reached XP level 2. HP: 24/24 MP: 2/2
   369 | D:1      | Reached XP level 3. HP: 22/29 MP: 3/3
  1159 | D:2      | Noticed Sigmund
  1225 | D:1      | Reached XP level 4. HP: 20/37 MP: 4/4
  1225 | D:1      | Reached ** piety under Trog
  1232 | D:1      | HP: 18/37 [poisoned by an adder]
  1239 | D:1      | HP: 17/37 [jackal (1)]
  1429 | D:2      | HP: 15/37 [worm (6)]
  1619 | D:2      | Reached skill level 4 in Axes
  1650 | D:2      | Noticed Jessica
  1656 | D:2      | Killed Jessica
  1656 | D:2      | Reached XP level 5. HP: 39/42 MP: 5/5
  1966 | D:2      | HP: 19/42 [Sigmund/scythe of slicing (4)]
  1973 | D:2      | HP: 16/42 [Sigmund/magic dart (3)]
  2173 | D:1      | HP: 19/42 [worm (7)]
  2353 | D:2      | HP: 16/42 [Sigmund/scythe of slicing (6)]
  2787 | D:2      | HP: 20/42 [Sigmund/scythe of slicing (2)]
  2999 | D:2      | Killed Sigmund
  2999 | D:2      | Reached skill level 5 in Axes
  2999 | D:2      | Reached XP level 6. HP: 32/49 MP: 6/6
  3425 | D:3      | HP: 24/49 [orc/hand axe (4)]
  3605 | D:3      | HP: 22/49 [gnoll/whip of holy wrath (3)]
  3615 | D:3      | HP: 10/49 [gnoll/tomahawk (5)]
  3672 | D:3      | HP: 17/49 [gnoll/whip of holy wrath (2)]
  3703 | D:2      | HP: 21/49 [gnoll/whip of holy wrath (1)]
  3937 | D:3      | Reached XP level 7. HP: 44/55 MP: 7/7
  4265 | D:3      | Found a runed door.
  4269 | D:3      | Noticed Crazy Yiuf
  4277 | D:3      | Killed Crazy Yiuf
  4400 | D:3      | Noticed Grinder
  4412 | D:3      | HP: 19/55 [orc priest/divine providence (11)]
  4419 | D:3      | HP: 18/55 [Grinder (3)]
  4432 | D:3      | HP: 21/55 [Grinder (3)]
  4433 | D:3      | HP: 10/55 [Grinder (4)]
  4439 | D:3      | HP: 10/55 [Grinder (1)]
  4443 | D:3      | HP: 4/55 [Grinder (5)]
  4444 | D:3      | Slain by Grinder

Vault maps used:
D:1:      dpeg_arrival_signposts, minmay_pentomino_z4
D:2:      uniq_sigmund, uniq_jessica
D:3:      first_ration, uniq_ijyb, uniq_crazy_yiuf_cottage, uniq_grinder

Skill      XL: |  1  2  3  4  5  6 |
---------------+-------------------+-----
Dodging        | 2 |  2.1
Axes           | 4 5 |  5.6
Armour         | 3 4 |  4.2
Fighting       | 4 |  4.9

Action                   |  1- 3 |  4- 6 |  7- 9 || total
-------------------------+-------+-------+-------++-------
Melee: Hand axe          |   114 |   213 |    53 ||   380
Invok: Trog's Hand       |       |     2 |     2 ||     4
  Use: Scroll            |       |       |     9 ||     9
 Stab: Sleeping          |     1 |       |       ||     1
  Eat: Chunk             |     1 |     2 |     2 ||     5
       Ration            |       |     2 |       ||     2
Armor: Animal skin       |    17 |       |       ||    17
       Chain mail        |    45 |   114 |     3 ||   162
       Scale mail        |       |       |    20 ||    20
Dodge: Dodged            |    92 |    97 |    32 ||   221

Table legend:
 A = Spawn XP
 B = Non-spawn XP
 C = Spawn XP percentage of total XP
 D = Spawn monster count
 E = Non-spawn monster count
 F = Spawn count percentage of total count
 G = Total turns spent on level
                    A         B        C        D         E        F      G
               +---------+---------+-------+---------+---------+-------+---------
         Total |       0 |     620 |   0.0 |       0 |      89 |   0.0 |  4444
               +---------+---------+-------+---------+---------+-------+---------
           D:1 |       0 |      90 |   0.0 |       0 |      38 |   0.0 |  2196
           D:2 |       0 |     303 |   0.0 |       0 |      24 |   0.0 |  1294
           D:3 |       0 |     227 |   0.0 |       0 |      27 |   0.0 |   954
               +---------+---------+-------+---------+---------+-------+---------

Vault maps used:
D:1:      dpeg_arrival_signposts, minmay_pentomino_z4
D:2:      uniq_sigmund, uniq_jessica
D:3:      first_ration, uniq_ijyb, uniq_crazy_yiuf_cottage, uniq_grinder
